 Dungeon Crawl Stone Soup version 0.27.1-34-g3ba077fa99 (webtiles) character file.

Game seed: 17124562080144881133

25 boopmooplesden the Shield-Bearer (level 2, -3/27 HPs)
             Began as a Minotaur Fighter on Jan 16, 2022.
             Slain by Sigmund (9 damage)
             ... on level 2 of the Dungeon.
             The game lasted 00:01:05 (1043 turns).

boopmooplesden the Shield-Bearer (Minotaur Fighter) Turns: 1043, Time: 00:01:06

Health: -3/27      AC:  7    Str: 20    XL:     2   Next: 82%
Magic:  1/1        EV:  7    Int:  5    God:
Gold:   68         SH:  9    Dex:  9    Spells: 1/1 levels left

rFire    . . .     SeeInvis .   a - +0 flail
rCold    . . .     Faith    .   c - +0 kite shield
rNeg     . . .     Spirit   .   b - +0 scale mail
rPois    .         Reflect  .   (helmet restricted)
rElec    .         Harm     .   (no cloak)
rCorr    .         Rampage  .   (no gloves)
Will     .....                  (no boots)
Stlth    ..........             (no amulet)
HPRegen  0.09/turn              (no ring)
MPRegen  0.07/turn              (no ring)

@: mighty
A: horns 2, retaliatory headbutt
a: no special abilities


You were on level 2 of the Dungeon.
You visited 1 branch of the dungeon, and saw 2 of its levels.

You collected 68 gold pieces.

Inventory:

Hand Weapons
 a - a +0 flail (weapon)
Armour
 b - a +0 scale mail (worn)
 c - a +0 kite shield (worn)
Jewellery
 f - a ring of poison resistance
Scrolls
 e - a scroll of identify
 g - a scroll of teleportation


   Skills:
 + Level 3.9 Fighting
 + Level 2.7 Maces & Flails
 + Level 3.9 Armour
 + Level 0.5 Dodging
 + Level 4.1 Shields


You had one spell level left.
You didn't know any spells.
Your spell library contained the following spells:

 Spells                   Type           Power      Damage    Failure   Level
 Gell's Gravitas          Tloc           0%         N/A       100%        3
 Lesser Beckoning         Tloc           0%         N/A       100%        3
 Teleport Other           Tloc           0%         N/A       100%        3


Dungeon Overview and Level Annotations

Branches:
Dungeon (2/15)

Altars:
Zin

Annotations:
D:2 Sigmund


Innate Abilities, Weirdness & Mutations

You have a pair of horns on your head.
You reflexively headbutt those who attack you in melee.


Message History

You sock the hobgoblin!
You kill the hobgoblin!
You block the ball python's attack. x2
You feel very mighty all of a sudden. The ball python bites you.
The ball python grabs you. The ball python constricts you.
A goblin comes into view. It is wielding a +0 club.
The goblin shouts!
You hit the ball python.
You kill the ball python!
You hear a shout!
Something hits you.
A bat comes into view.
You block something's attack.
You sock something! You block the bat's attack. Something hits you!
You closely miss something. The bat hits you but does no damage.
Something hits you.
You closely miss something. You block the bat's attack.
Something hits you but does no damage.
A hobgoblin comes into view.
The hobgoblin shouts!
You hit something. You headbutt something. The goblin closely misses you.
The bat hits you but does no damage.
You hear some strange, mumbled words.
A puff of flame appears from out of thin air!
You block the puff of flame. You block the goblin's attack.
You miss something. The bat hits you but does no damage. x2
The bat barely misses you. You furiously retaliate!
You headbutt the bat!
You kill the bat!
Something hits you.
* * * LOW HITPOINT WARNING * * *
The goblin hits you with a +0 club.
* * * LOW HITPOINT WARNING * * *
Your shield prevents you from hitting something.
You block the goblin's attack.
You hear some strange, mumbled words.
A magic dart appears from out of thin air!
The magic dart hits you but does no damage.
The goblin hits you but does no damage. Something hits you!
You die...

..#.......#..
.............
............
#.......#..#
#..........
#.......#
#..##..g...#...
#.....g{.....#
##.####@###.##
# #<.....#
#........
##...##.# ...#
...# .... ###..
.##


You could see a hobgoblin and a goblin.

Vanquished Creatures
  3 ball pythons
  4 bats
  An endoplasm (D:1)
  3 giant cockroaches (D:1)
  5 hobgoblins
  2 frilled lizards (D:1)
  A goblin (D:1)
  3 rats (D:1)
22 creatures vanquished.

Notes
Turn   | Place    | Note
-------+----------+-------------------------------------------
     0 | D:1      | boopmooplesden the Minotaur Fighter began the quest for the
                  | Orb.
     0 | D:1      | Reached XP level 1. HP: 19/19 MP: 0/0
    35 | D:1      | Found a glowing silver altar of Zin.
   300 | D:1      | Reached skill level 4 in Shields
   300 | D:1      | Reached XP level 2. HP: 27/27 MP: 1/1
  1028 | D:2      | Noticed Sigmund
  1043 | D:2      | Slain by Sigmund

Illustrated notes

Levels and vault maps discovered:
D:1:      minmay_arrival_semitransparent, layout_basic, minmay_hexomino_r4
D:2:      layout_loops_ring, uniq_sigmund, uniq_robin

Skill      XL: |  1 |
---------------+----+-----
Shields        | 4 |  4.1
Fighting       | |  3.9
Maces & Flails | |  2.7
Armour         | |  3.9
Dodging        | |  0.5

Action                   || total
-------------------------++-------
Melee: Flail             ||    59
       Headbutt          ||     5
  Use: Scroll            ||     1
       Potion            ||     1
Armor: Scale mail        ||    40
Dodge: Dodged            ||    23
Block: Kite shield       ||    37
